 Dungeon Crawl Stone Soup version 0.24-a0-769-g368c164 (webtiles) character file.

Game seed: 3820234754197670681, levelgen mode: deterministic

82 2tousent the Grave Robber (level 4, -10/24 HPs)
             Began as a Tengu Necromancer on Oct 6, 2019.
             Mangled by an orc priest
             ... wielding a +0 flail
              (11 damage)
             ... on level 3 of the Dungeon.
             The game lasted 00:06:46 (2453 turns).

2tousent the Grave Robber (Tengu Necromancer)       Turns: 2453, Time: 00:06:47

Health: -10/24     AC:  2    Str:  8    XL:     4   Next: 43%
Magic:  1/9        EV: 13    Int: 15    God:
Gold:   135        SH:  0    Dex: 16    Spells: 3/8 levels left

rFire    . . .     SeeInvis .   r - +2 dagger (protect)
rCold    . . .     Gourm    .   (no shield)
rNeg     . . .     Faith    .   a - +0 robe
rPois    .         Spirit   .   (helmet restricted)
rElec    .         Reflect  .   (no cloak)
rCorr    .         Harm     .   (no gloves)
MR       .....                  (boots unavailable)
Stlth    ++........             (no amulet)
HPRegen  0.08/turn              (no ring)
MPRegen  0.11/turn              (no ring)

@: no status effects
A: beak, talons 3
a: no special abilities


You were on level 3 of the Dungeon.
You were not hungry.

You visited 1 branch of the dungeon, and saw 3 of its levels.

You collected 135 gold pieces.

Inventory:

Hand Weapons
 k - a +0 dagger
 r - a +2 dagger of protection (weapon)
Armour
 a - a +0 robe (worn)
Jewellery
 n - an uncursed amulet of guardian spirit {unknown}
 o - an uncursed amulet of rage {unknown}
Wands
 h - a wand of random effects (12)
Scrolls
 b - 4 scrolls of identify {unknown}
 d - a scroll of teleportation {unknown}
 g - a scroll of fear {unknown}
 j - 3 scrolls of remove curse {unknown}
 m - a scroll of enchant weapon {unknown}
 p - a scroll of random uselessness {unknown}
 q - a scroll of magic mapping {unknown}
Potions
 e - a potion of curing
 f - a potion of magic {unknown}
 i - a potion of brilliance {unknown}
 l - a potion of cancellation
Comestibles
 c - 4 rations
 s - a chunk of flesh


   Skills:
 - Level 2.1 Dodging
 - Level 2.0 Stealth
 + Level 2.8 Spellcasting
 * Level 5.8 Necromancy


You had 3 spell levels left.
You knew the following spells:

 Your Spells              Type           Power        Failure   Level  Hunger
a - Pain                  Necr           ###.         1%          1    #......
b - Animate Skeleton      Necr           N/A          1%          1    #......
c - Vampiric Draining     Necr           ###.......   5%          3    ###....

Your spell library contained the following spells:

 Spells                   Type           Power        Failure   Level  Hunger
 Regeneration             Chrm/Necr      ##........   19%         3    ###....
 Animate Dead             Necr           N/A          19%         4    #####..


Dungeon Overview and Level Annotations

Branches:
Dungeon (3/15)

Altars:
Hepliaklqana


Innate Abilities, Weirdness & Mutations

You have a beak for a mouth.
You have claws for feet.


Message History

The orc priest is lightly wounded.
Your orc skeleton hits the orc priest but does no damage.
The orc priest hits your orc skeleton with a +0 flail.
Your orc skeleton is destroyed!
The orc priest shouts!
The orc priest mumbles some strange prayers to Beogh against you.
Pain shoots through your body!
* * * LOW HITPOINT WARNING * * *
The orc priest looks encouraged for a moment.
Unknown command.
It was a potion of curing.
You feel better.
Your frilled lizard skeleton bites the orc priest.
The orc priest mumbles some strange prayers to Beogh against you.
You barely resist.
The orc priest mumbles some strange prayers to Beogh against you.
Beogh smites you!
* * * LOW HITPOINT WARNING * * *
It was a potion of cancellation.
You feel magically purged.
The orc priest hits you with a +0 flail!
You die...

#......# #...... #..##
#......#
#...#.######..#
####'### ##........
#....
######.######........
#...#
#.......Z)..#.......#
#...#
#.####.####)#.......#
#...#
#.####Z#.......##.#.†>.
#.#...o...o.<.....#.###
#.#.##@#.#.....####.###
#.#......#........#....
#.#.##.#.#.###.##.#####
#.# ....#. #.##.# #.#
#. #.##.# #.# #
###.##.##### #..
............. ###
.######.#.### #......


You could see 2 orc priests and a friendly frilled lizard skeleton.

Vanquished Creatures
  3 adders
  2 worms
  A leopard gecko (D:2)
  4 orcs
  A ball python (D:1)
  2 giant cockroaches (D:2)
  3 goblins
  7 hobgoblins
  7 kobolds
  2 quokkas (D:3)
  2 bats
  4 frilled lizards
  5 rats
43 creatures vanquished.

Vanquished Creatures (collateral kills)
  A bat (D:3)
  A rat (D:3)
2 creatures vanquished.

Grand Total: 45 creatures vanquished

Notes
Turn   | Place    | Note
-------+----------+-------------------------------------------
     0 | D:1      | 2tousent the Tengu Necromancer began the quest for the Orb.
     0 | D:1      | Reached XP level 1. HP: 10/10 MP: 4/4
   664 | D:1      | Reached XP level 2. HP: 14/15 MP: 3/6
   952 | D:2      | Reached skill level 5 in Necromancy
  1188 | D:2      | Reached XP level 3. HP: 19/19 MP: 7/7
  1270 | D:2      | Learned a level 1 spell: Animate Skeleton
  1274 | D:2      | Learned a level 3 spell: Vampiric Draining
  1501 | D:2      | Found a hazy altar of Hepliaklqana.
  1931 | D:3      | Reached XP level 4. HP: 19/24 MP: 1/9
  2452 | D:3      | HP: 1/24 [orc priest/divine providence (9)]
  2453 | D:3      | Mangled by an orc priest

Levels and vault maps discovered:
D:1:      sevenhm_arrival_forest_fort_small_3, layout_basic
D:2:      layout_rooms, marbit_many_paths, first_ration,
          minmay_misc_feat_more_columns
D:3:      layout_basic, lemuel_round_altar

Skill      XL: |  1  2 |
---------------+-------+-----
Necromancy     | 5 |  5.8
Dodging        | |  2.1
Stealth        | |  2.0
Spellcasting   | |  2.8

Action                   |  1- 3 |  4- 6 || total
-------------------------+-------+-------++-------
Melee: Unarmed           |    22 |       ||    22
       Peck              |    12 |     5 ||    17
       Dagger            |    47 |    25 ||    72
       Kick              |    13 |     2 ||    15
 Cast: Pain              |    24 |       ||    24
       Animate Skeleton  |     8 |     4 ||    12
       Vampiric Draining |     7 |     6 ||    13
  Use: Potion            |       |     2 ||     2
 Stab: Sleeping          |     2 |     1 ||     3
  Eat: Chunk             |     4 |     3 ||     7
Armor: Robe              |    12 |    11 ||    23
Dodge: Dodged            |    40 |     9 ||    49

Table legend:
 A = Non-vault XP
 B = Vault XP
 C = Vault XP percentage of total XP
 D = Non-vault monster count
 E = Vault monster count
 F = Vault count percentage of total count
                 A         B        C        D         E       F
            +---------+---------+-------+---------+---------+-------
      Total |     116 |       2 |   1.7 |      44 |       1 |   2.2
            +---------+---------+-------+---------+---------+-------
        D:1 |      11 |       0 |   0.0 |       7 |       0 |   0.0
        D:2 |      44 |       2 |   4.3 |      17 |       1 |   5.6
        D:3 |      61 |       0 |   0.0 |      20 |       0 |   0.0
            +---------+---------+-------+---------+---------+-------
